 Dungeon Crawl Stone Soup version 0.25-a0-513-ge77a69270c (webtiles) character file.

Game seed: 3758319504540634975, levelgen mode: classic

242377 EnegeticOcto the Champion of Chaos (level 18, -4/176 HPs)
             Began as a Deep Dwarf Fighter on Feb 16, 2020.
             Was the Champion of Makhleb.
             Slain by a deep troll earth mage (12 damage)
             ... on level 4 of the Depths.
             The game lasted 00:17:31 (16561 turns).

EnegeticOcto the Champion of Chaos (DDFi)          Turns: 16561, Time: 00:17:32

Health: -4/176     AC: 20    Str: 27    XL:     18   Next: 18%
Magic:  4/4        EV: 18    Int: 12    God:    Makhleb [******]
Gold:   1300       SH: 20    Dex: 12    Spells: 17/17 levels left

rFire    + . .     SeeInvis .   a - +6 broad axe (flame)
rCold    + . .     Gourm    .   q - +0 tower shield
rNeg     + . .     Faith    .   H - +2 chain mail {rPois}
rPois    +         Spirit   .   (no helmet)
rElec    +         Reflect  .   s - +0 cloak
rCorr    +         Harm     +   (no gloves)
MR       ++...                  b - +2 pair of boots
Stlth    ..........             J - amulet of harm
HPRegen  0.00/turn              m - +5 ring of protection {=R}
MPRegen  0.09/turn              l - +5 ring of evasion

@: resistant, corroded, non-regenerating
A: damage resistance, heal wounds, claws 1, fangs 1, clever 1, negative energy
resistance 1, sense surroundings 3, wild magic 1, no regeneration
}: 3/15 runes: barnacled, abyssal, gossamer
a: Heal Wounds, Minor Destruction, Lesser Servant of Makhleb, Major Destruction,
Greater Servant of Makhleb, Renounce Religion


You were on level 4 of the Depths.
You worshipped Makhleb.
Makhleb was exalted by your worship.
You were very full.

You visited 7 branches of the dungeon, and saw 33 of its levels.
You visited the Abyss 1 time.
You also visited: Sewer.

You collected 1300 gold pieces.

Inventory:

Hand Weapons
 a - a +6 broad axe of flaming (weapon)
Missiles
 p - 11 throwing nets (quivered)
Armour
 b - a +2 pair of boots (worn)
 q - a +0 tower shield (worn)
 r - the +3 scale mail "Wogunak" {+Inv rC+ Str+5}
   (You found it on level 6 of the Dungeon)

   It affects your strength (+5).
   It protects you from cold.
   It lets you turn invisible.
   If you switch to wearing this armour, your AC will decrease by 2 (20 -> 18).
 s - a +0 cloak (worn)
 H - a +2 chain mail of poison resistance (worn)
Jewellery
 l - a +5 ring of evasion (right claw)
 m - a +5 ring of protection (left claw) {=R}
 B - a +5 amulet of reflection
 F - an uncursed ring of positive energy
 I - an uncursed ring of resist corrosion
 J - an amulet of harm (around neck)
 U - a cursed ring of attention {unknown}
 X - an uncursed ring of stealth {unknown}
Wands
 k - a wand of disintegration (32)
 t - a wand of acid (27) {@V1}
 w - a wand of flame (75)
 y - a wand of polymorph (2)
 C - a wand of scattershot (10)
 L - a wand of enslavement (6)
 O - a wand of digging (3) {@V2}
 Q - a wand of iceblast (1)
 T - a wand of paralysis (9)
Scrolls
 c - 5 scrolls of fear
 o - 10 scrolls of teleportation {@r2}
 v - 2 scrolls of immolation {@r4}
 A - 9 scrolls of remove curse {@r6}
 E - 3 scrolls of identify {@r1}
 G - 3 scrolls of magic mapping {@r5}
 K - 3 scrolls of fog
 P - a scroll of holy word
 R - 2 scrolls of enchant armour
 W - a scroll of blinking {@r3}
Potions
 d - 2 potions of might {@q3}
 f - a potion of resistance {@q6}
 g - 3 potions of ambrosia
 h - a potion of heal wounds {@q2}
 i - 7 potions of flight
 j - 4 potions of brilliance
 n - 7 potions of curing {@q1}
 u - 2 potions of magic
 x - 3 potions of cancellation
 z - 4 potions of lignification {@q7}
 D - 2 potions of agility {@q5}
 N - a potion of degeneration {unknown}
Miscellaneous
 V - a lamp of fire
Comestibles
 e - 28 rations


   Skills:
 * Level 14.6 Fighting
 * Level 16.9 Axes
 + Level 12.9 Armour
 + Level 12.5 Dodging
 + Level 12.8 Shields
 * Level 18.9 Invocations


You had 17 spell levels left.
You didn't know any spells.
Your spell library contained the following spells:

 Spells                   Type           Power        Failure   Level  Hunger
 Animate Skeleton         Necr           N/A          100%        1    ##.....
 Apportation              Tloc           #.....       100%        1    ##.....
 Corona                   Hex            #......      100%        1    ##.....
 Pain                     Necr           #...         100%        1    ##.....
 Shock                    Conj/Air       #...         100%        1    ##.....
 Summon Small Mammal      Summ           #...         100%        1    ##.....
 Ensorcelled Hibernation  Hex/Ice        #.....       100%        2    ###....
 Poisonous Vapours        Pois/Air       #.....       100%        2    ###....
 Swiftness                Chrm/Air       #.......     100%        2    ###....
 Confusing Touch          Hex            #.......     100%        3    ####...
 Conjure Flame            Conj/Fire      #.......     100%        3    ####...
 Dazzling Flash           Conj/Hex       #.....       100%        3    ####...
 Mephitic Cloud           Conj/Pois/Air  #.......     100%        3    ####...
 Static Discharge         Conj/Air       #.......     100%        3    ####...
 Tukima's Dance           Hex            #.......     100%        3    ####...
 Vampiric Draining        Necr           #.........   100%        3    ####...
 Airstrike                Air            #.........   100%        4    #####..
 Animate Dead             Necr           N/A          100%        4    #####..
 Agony                    Necr           #.......     100%        5    ######.
 Lightning Bolt           Conj/Air       #.........   100%        5    ######.
 Freezing Cloud           Conj/Ice/Air   #.........   100%        6    #######
 Ring of Flames           Chrm/Fire      #.........   100%        7    #######


Dungeon Overview and Level Annotations

Branches:
Dungeon (15/15)            Temple (1/1) D:4            Lair (4/6) D:8
 Shoals (4/4) Lair:3       Spider (4/4) Lair:2          Orc (0/2) D:10
 Vaults (1/5) D:14         Depths (4/5) D:15          Sewer (visited)

Altars:
Ashenzari
Cheibriados
Dithmenos
Fedhas
Gozag
Hepliaklqana
Kikubaaqudgha
Makhleb
Nemelex Xobeh
Qazlal
Ru
Sif Muna
Trog
Uskayaw
Vehumet
Wu Jian
Xom
Zin
The Shining One

Shops:
D:7 }   D:12 %

Annotations:
D:4 3 runed translucent doors, EnegeticOcto's ghost, amateur DDFi
D:11 3 runed translucent doors, Error4North's ghost, journeyman HOFi
D:12 2 runed translucent doors
D:14 2 transporters, Hetsyfel's ghost, journeyman DsVM
Lair:3 exclusion: 4 oklob plants


Innate Abilities, Weirdness & Mutations

You are resistant to damage.
You can heal yourself by infusing magical energy.
You resist negative energy. (rN+)
You passively map a large area around you.
You do not regenerate.
You have sharp fingernails.
You have very sharp teeth.
Your mind is acute. (Int +2)
Your spells are a little harder to cast, but a little more powerful.


Message History

* * * LOW HITPOINT WARNING * * *
You feel much better.
You block the deep elf sorcerer's attack.
The storm dragon bites you. The storm dragon closely misses you.
The storm dragon tramples you.
You hold your ground!
The deep troll earth mage bites you!!
* * * LOW HITPOINT WARNING * * *
You block the deep troll earth mage's attack.
The deep troll earth mage claws you but does no damage.
The deep troll shaman bites you but does no damage.
The deep troll shaman claws you but does no damage. x2
The deep elf sorcerer points at you and mumbles some strange words.
The bolt of acid misses you.
You block the tengu warrior's attack. x2
The tengu warrior claws you.
* * * LOW HITPOINT WARNING * * *
You feel much better.
The deep elf sorcerer points at you and mumbles some strange words.
The bolt of acid hits you.
You are splashed with acid!
* * * LOW HITPOINT WARNING * * *
The storm dragon barely misses you. You block the storm dragon's attack. x2
The deep troll earth mage completely misses you.
You block the deep troll earth mage's attack.
The deep troll earth mage claws you!
* * * LOW HITPOINT WARNING * * *
The deep troll barely misses you. You block the deep troll's attack.
The deep troll closely misses you.
The deep troll shaman calls upon its god to speed up the deep troll earth mage.
The deep troll earth mage seems to speed up.
The tengu warrior closely misses you.
The tengu warrior pecks you but does no damage.
The tengu warrior claws you but does no damage.
You feel much better.
The deep elf sorcerer hits you but does no damage.
You block the storm dragon's attack. The storm dragon misses you.
You block the storm dragon's attack. The deep troll earth mage bites you!
* * * LOW HITPOINT WARNING * * *
You block the deep troll earth mage's attack.
The deep troll earth mage claws you but does no damage.
You block the deep troll's attack. The deep troll claws you!
* * * LOW HITPOINT WARNING * * *
The deep troll closely misses you. The deep elf sorcerer misses you.
You block the deep troll shaman's attack.
The deep troll shaman claws you but does no damage.
You block the deep troll shaman's attack.
The storm dragon closely misses you. The storm dragon completely misses you.
The storm dragon closely misses you.
You feel protected. The tengu warrior barely misses you.
The tengu warrior misses you. The tengu warrior closely misses you.
You block the deep elf sorcerer's attack.
The deep troll bites you!
* * * LOW HITPOINT WARNING * * *
You block the deep troll's attack.
The deep troll claws you but does no damage.
The deep troll shaman mumbles some strange prayers to its god.
The deep troll shaman is healed somewhat.
The deep troll earth mage misses you.
You block the deep troll earth mage's attack.
The deep troll earth mage claws you but does no damage.
The storm dragon misses you. The storm dragon claws you.
The storm dragon tramples you but does no damage.
You feel much better.
You block the deep elf sorcerer's attack.
You block the deep troll's attack. x3; The deep troll earth mage bites you!
* * * LOW HITPOINT WARNING * * *
The deep troll earth mage claws you but does no damage.
The deep troll earth mage misses you.
The tengu warrior hits you but does no damage.
The tengu warrior misses you.
The tengu warrior claws you but does no damage.
The deep troll barely misses you. The deep troll claws you!
* * * LOW HITPOINT WARNING * * *
The deep troll misses you. The storm dragon closely misses you.
The storm dragon completely misses you. The storm dragon closely misses you.
The deep elf sorcerer barely misses you.
The deep troll shaman bites you!
* * * LOW HITPOINT WARNING * * *
The deep troll shaman misses you.
The deep troll shaman completely misses you.
The deep troll bites you.
* * * LOW HITPOINT WARNING * * *
The deep troll claws you. The deep troll closely misses you.
You feel much better.
You block the deep troll earth mage's attack. x3
You block the deep elf sorcerer's attack.
The storm dragon closely misses you.
The storm dragon claws you but does no damage.
The storm dragon misses you. The deep troll closely misses you.
You block the deep troll's attack. The deep troll claws you!
* * * LOW HITPOINT WARNING * * *
The deep troll barely misses you. The deep troll claws you!
* * * LOW HITPOINT WARNING * * *
The deep troll claws you but does no damage.
The tengu warrior hits you but does no damage.
The tengu warrior pecks you but does no damage.
The tengu warrior barely misses you. The deep troll earth mage bites you!!
* * * LOW HITPOINT WARNING * * *
The deep troll earth mage completely misses you.
The deep troll earth mage claws you!
You die...

, , , , ...* ,,,,
....###### ,
,,.......#.## ,
..........## ,
.......#...####
,,..............#
,
,.........TTT..##
,
........Ce@T...##
, ,,
,......).)QD.....#
,, ,
.........##.#.###
, .........#....#
, ..............#
,,
,.............##
,, ,...........###
, .......(.....# *
,,, .....##....###


You could see a storm dragon, a frost giant, a deep elf sorcerer, a tengu
warrior, 2 deep trolls, a deep troll earth mage and a deep troll shaman.

Vanquished Creatures
  Nikola (Vaults:1)
  A bone dragon (Abyss:3)
  2 tentacled monstrosities
  Jorgrun (Shoals:2)
  Rupert (D:12)
  3 tentacled starspawn
  Gastronok (D:9)
  Agnes (Spider:2)
  Donald (Shoals:4)
  A daeva (Abyss:4)
  2 fire giants (Depths:4)
  A draconian knight (Abyss:4)
  2 ghost moths (Spider:4)
  A cacodemon (Abyss:5)
  A vault warden (Vaults:1)
  A deep elf sorcerer (Depths:4)
  5 emperor scorpions (Spider:4)
  A balrug (Abyss:3)
  11 very ugly things
  A reaper (Abyss:4)
  A draconian annihilator (Abyss:4)
  2 ironheart preservers (Vaults:1)
  3 entropy weavers
  A deep elf demonologist (Vaults:1)
  A green draconian (Abyss:3)
  A deep elf annihilator (Vaults:1)
  Nessos (D:15)
  A dire elephant (D:15)
  An ettin (D:14)
  A spark wasp (Spider:3)
  4 merfolk impalers (Shoals:4)
  3 fire dragons
  A quicksilver dragon zombie (Abyss:3)
  Harold (D:8)
  A yaktaur captain (Depths:2)
  A naga warrior (Abyss:3)
  2 ice dragons (Vaults:1)
  A great orb of eyes (Vaults:1)
  2 centaur warriors
  A spriggan air mage (Depths:2)
  6 hydras
  A death knight (D:14)
  3 two-headed ogres
  A deep troll shaman (Vaults:1)
  A merfolk aquamancer (Shoals:4)
  2 deep troll earth magi (Depths:4)
  2 satyrs (Shoals:4)
  2 death yaks (Lair:4)
  Urug (Lair:4)
  2 thrashing horrors (Abyss:3)
  A deep elf knight (Vaults:1)
  A skeletal warrior (D:14)
  4 wretched stars (Abyss:3)
  A sixfirhy (Abyss:3)
  A shadow wraith (D:14)
  2 fire crabs (shapeshifter)
  2 spatial maelstroms
  A wizard (D:14)
  4 unseen horrors
  3 sea snakes
  4 deep trolls
  A lindwurm (Lair:3)
  11 orb spiders
  2 ironbrand convokers (Vaults:1)
  A mana viper (Abyss:3)
  An orc sorcerer (Abyss:2)
  11 large abominations
  15 wolf spiders
  A deep elf mage (D:11)
  15 ugly things
  10 manticores
  4 fauns (Shoals:4)
  6 cyclopes
  A moth of wrath (shapeshifter) (D:14)
  4 worldbinders
  A merfolk siren (Lair:3)
  4 apocalypse crabs
  A black mamba (Lair:4)
  2 salamanders
  3 water nymphs (Shoals:4)
  A naga mage (Abyss:3)
  3 guardian serpents
  Psyche (D:8)
  3 vault sentinels (Vaults:1)
  Joseph (D:9)
  A torpor snail (Lair:4)
  3 spiny frogs
  3 smoke demons
  A gargoyle (D:10)
  2 centaur skeletons
  Maggie (D:7)
  5 yaktaurs
  4 kobold demonologists
  An efreet (Abyss:3)
  6 freezing wraiths
  7 demonic crawlers
  3 komodo dragons
  A rime drake (Lair:2)
  A troll (D:12)
  6 merfolk (Shoals:4)
  2 tengu conjurers (D:14)
  19 jumping spiders
  2 trolls (shapeshifter)
  8 hornets
  2 snapping turtles
  2 dream sheep (Shoals:4)
  23 slime creatures
  Prince Ribbit (D:8)
  11 blink frogs
  7 raiju
  14 hippogriffs
  3 shadows
  51 redbacks
  Sigmund (D:3)
  21 tarantellas
  2 water elementals
  A vampire (D:15)
  3 wraiths
  3 wyverns
  32 yaks
  A black mamba skeleton (Abyss:2)
  5 hungry ghosts
  A steam dragon (D:11)
  2 chaos spawn (Abyss:2)
  2 basilisks
  Menkaure (D:6)
  Edmund (D:6)
  8 small abominations
  2 nagas (Abyss:3)
  A spatial vortex (Abyss:3)
  5 porcupines
  9 orc warriors
  9 water moccasins
  4 ice beasts
  A black bear (shapeshifter) (Abyss:3)
  4 phantoms
  4 eyes of draining
  7 ogres
  A hornet zombie (D:15)
  9 boggarts
  14 centaurs
  10 crocodiles
  5 wolves (Lair:4)
  7 big kobolds
  Blork the orc (D:6)
  13 bullfrogs
  2 scorpions
  A wyvern skeleton (D:10)
  12 killer bees
  4 electric eels
  5 wights (D:13)
  6 howler monkeys
  A bullfrog zombie (D:8)
  5 crimson imps
  A centaur zombie (D:5)
  8 hounds
  A quasit (Abyss:2)
  28 starcursed masses
  8 jellies
  A gnoll shaman (D:5)
  3 bullfrog skeletons
  4 orc priests
  11 orc wizards
  6 iguanas
  11 worker ants
  2 killer bee zombies
  6 ogre zombies (D:10)
  A hound skeleton (D:4)
  Robin (D:3)
  9 gnolls
  10 adders
  A river rat (Sewer)
  2 shadow imps
  An ufetubus (Abyss:3)
  A worm (D:2)
  3 leopard geckos
  38 orcs
  2 ball pythons
  7 giant cockroaches
  5 hobgoblins (D:3)
  2 jackals (Sewer)
  19 kobolds
  4 quokkas
  2 frilled lizards
  9 goblins (D:3)
  A goblin zombie (D:10)
  A hobgoblin skeleton (D:10)
  A hobgoblin zombie (D:10)
  A jackal skeleton (D:4)
  A leopard gecko skeleton (D:8)
  5 orc skeletons (D:10)
  11 orc zombies (D:10)
  A quokka skeleton (D:6)
  A quokka zombie (D:6)
  7 rats
  A fungus (D:8)
  A plant (Lair:2)
  5 starspawn tentacles
877 creatures vanquished.

Vanquished Creatures (collateral kills)
  Arachne (Spider:3)
  A Hell Sentinel (Abyss:4)
  A draconian knight (Abyss:4)
  A balrug (Abyss:4)
  2 emperor scorpions
  2 ghost moths (Spider:4)
  An entropy weaver (Spider:3)
  2 spark wasps (Spider:4)
  A blizzard demon (Abyss:4)
  An orc knight (D:15)
  3 orb spiders
  3 wolf spiders
  3 jumping spiders
  2 hornets (Spider:4)
  4 redbacks
  3 tarantellas
  An orc (D:15)
32 creatures vanquished.

Vanquished Creatures (others)
  A deep troll (Vaults:1)
  A starcursed mass (Abyss:3)
  2 centaurs (D:14)
  An orc (D:14)
  A fungus (Lair:3)
  2 lurking horrors
  17 plants
  4 starspawn tentacles
29 creatures vanquished.

Grand Total: 938 creatures vanquished

Notes
Turn   | Place    | Note
-------+----------+-------------------------------------------
     0 | D:1      | EnegeticOcto the Deep Dwarf Fighter began the quest for the
                  | Orb.
     0 | D:1      | Reached XP level 1. HP: 20/20 MP: 1/1
   107 | D:3      | Reached XP level 2. HP: 27/27 MP: 2/2
   171 | D:3      | Noticed Sigmund
   192 | D:3      | HP: 1/27 [something (3)]
   199 | D:3      | Killed Sigmund
   199 | D:3      | Reached skill level 1 in Dodging
   199 | D:3      | Reached XP level 3. HP: 28/34 MP: 3/3
   199 | D:3      | Reached XP level 4. HP: 35/42 MP: 4/4
   199 | D:3      | Reached XP level 5. HP: 41/49 MP: 5/5
   234 | D:3      | Found a glowing golden altar of the Shining One.
   236 | D:3      | Noticed Robin
   251 | D:3      | Killed Robin
   369 | D:4      | Found an ornate altar of the Wu Jian Council.
   426 | D:4      | Reached XP level 6. HP: 55/56 MP: 5/5
   537 | D:4      | Found a hide-covered altar of Uskayaw.
   540 | D:4      | Noticed a +0 hand axe
   541 | D:4      | Noticed a +0 hand axe
   587 | D:4      | Found a runed translucent gate.
   588 | D:4      | Found a runed translucent gate.
   589 | D:4      | Found a runed translucent gate.
   602 | D:4      | Found a staircase to the Ecumenical Temple.
   616 | Temple   | Entered the Ecumenical Temple
   654 | Temple   | Became a worshipper of Makhleb the Destroyer
   729 | D:4      | Noticed EnegeticOcto's ghost (amateur DDFi)
   833 | D:4      | Reached skill level 1 in Invocations
  1081 | D:5      | Entered Level 5 of the Dungeon
  1081 | D:5      | Noticed an ice beast
  1099 | D:5      | Killed an ice beast
  1099 | D:5      | Reached skill level 5 in Axes
  1099 | D:5      | Reached XP level 7. HP: 25/63 MP: 5/7
  1149 | D:5      | Found an ancient bone altar of Kikubaaqudgha.
  1318 | D:5      | Reached skill level 2 in Invocations
  1506 | D:5      | Found a blossoming altar of Fedhas.
  1513 | D:5      | Reached skill level 3 in Invocations
  1604 | D:5      | Found a sacrificial altar of Ru.
  1607 | D:5      | Reached skill level 5 in Armour
  1631 | D:5      | Reached skill level 5 in Shields
  1631 | D:5      | Reached XP level 8. HP: 73/73 MP: 9/9
  1742 | D:5      | Reached * piety under Makhleb
  1745 | D:5      | Reached skill level 4 in Invocations
  1938 | D:6      | Gained mutation: You have sharp fingernails. [potion of
                  | mutation]
  1938 | D:6      | Gained mutation: You have a pair of small horns on your
                  | head. [potion of mutation]
  1938 | D:6      | Gained mutation: You are agile. (Dex +2) [potion of
                  | mutation]
  2018 | D:6      | Reached skill level 5 in Fighting
  2066 | D:6      | Found a glowing drain.
  2072 | D:6      | Noticed Blork the orc
  2092 | D:6      | Killed Blork the orc
  2092 | D:6      | Reached skill level 5 in Invocations
  2100 | Sewer    | Entered a sewer
  2200 | Sewer    | Found a white marble altar of Elyvilon.
  2378 | D:6      | Found a shattered altar of Ashenzari.
  2439 | D:6      | Gained mutation: You passively map the area around you.
                  | [Deep Dwarf growth]
  2439 | D:6      | Reached XP level 9. HP: 56/81 MP: 11/11
  2453 | D:6      | Noticed a brown ugly thing
  2482 | D:6      | Killed a brown ugly thing
  2482 | D:6      | Reached skill level 6 in Invocations
  2507 | D:6      | Reached ** piety under Makhleb
  2648 | D:6      | Noticed Menkaure
  2657 | D:6      | Killed Menkaure
  2665 | D:6      | Found a glowing silver altar of Zin.
  2880 | D:6      | Got a transparent scale mail
  2891 | D:6      | Identified the +3 scale mail "Wogunak" {+Inv rC+ Str+5}
                  | (You found it on level 6 of the Dungeon)
  3037 | D:6      | Noticed Edmund
  3045 | D:6      | Killed Edmund
  3061 | D:6      | Found a blossoming altar of Fedhas.
  3131 | D:7      | Reached skill level 5 in Dodging
  3131 | D:7      | Reached skill level 7 in Invocations
  3259 | D:7      | Noticed Maggie
  3277 | D:7      | Killed Maggie
  3277 | D:7      | Reached XP level 10. HP: 92/92 MP: 12/12
  3303 | D:7      | Found Luiser's Gadget Boutique.
  3482 | D:7      | Found a hazy altar of Hepliaklqana.
  3636 | D:8      | Found a staircase to the Lair.
  3636 | D:8      | Noticed Harold
  3639 | D:8      | Noticed Psyche
  3653 | D:8      | Killed Harold
  3653 | D:8      | Reached skill level 8 in Invocations
  3654 | D:8      | Killed Psyche
  3673 | D:8      | Reached *** piety under Makhleb
  3785 | D:8      | Found a stormy altar of Qazlal.
  3903 | D:8      | Noticed Prince Ribbit
  3938 | D:8      | Killed Prince Ribbit
  4113 | D:8      | Reached skill level 9 in Invocations
  4464 | D:9      | Noticed a cyan ugly thing
  4466 | D:9      | Noticed Gastronok
  4478 | D:9      | Killed a cyan ugly thing
  4509 | D:9      | Killed Gastronok
  4509 | D:9      | Reached XP level 11. HP: 83/103 MP: 12/14
  4577 | D:9      | Noticed a two-headed ogre
  4586 | D:9      | Killed a two-headed ogre
  4708 | D:9      | Noticed Joseph
  4723 | D:9      | Killed Joseph
  4732 | D:9      | Found an opulent altar of Gozag.
  4754 | D:9      | You fall into a shaft and drop 1 floor!
  4754 | D:10     | Entered Level 10 of the Dungeon
  4794 | D:10     | Reached skill level 10 in Invocations
  4795 | D:10     | Reached **** piety under Makhleb
  4806 | D:10     | Found a staircase to the Orcish Mines.
  5195 | D:10     | Noticed a two-headed ogre
  5206 | D:10     | Killed a two-headed ogre
  5260 | D:10     | Reached skill level 10 in Axes
  5675 | D:11     | Found a shimmering altar of Xom.
  5717 | D:11     | Noticed a deep elf mage
  5732 | D:11     | Killed a deep elf mage
  5834 | D:11     | You fall into a shaft and drop 2 floors!
  5980 | D:13     | Reached ***** piety under Makhleb
  5980 | D:13     | Reached skill level 11 in Invocations
  6052 | D:13     | Reached XP level 12. HP: 112/112 MP: 15/15
  6438 | D:11     | Found a runed translucent gate.
  6438 | D:11     | Found a runed translucent gate.
  6438 | D:11     | Found a runed translucent gate.
  6438 | D:11     | Noticed Error4North's ghost (journeyman HOFi)
  6756 | D:12     | Noticed Rupert
  6787 | D:12     | Killed Rupert
  6850 | D:12     | Found a runed translucent door.
  6851 | D:12     | Found a runed translucent door.
  7005 | D:12     | Found Uffam's Food Shoppe.
  7059 | D:12     | Reached skill level 12 in Invocations
  7945 | D:14     | Reached skill level 10 in Fighting
  7950 | D:14     | Reached XP level 13. HP: 123/123 MP: 17/17
  8033 | D:14     | Reached ****** piety under Makhleb
  8144 | D:14     | Reached skill level 13 in Invocations
  8257 | D:14     | Found a transporter.
  8257 | D:14     | Noticed Hetsyfel's ghost (journeyman DsVM)
  8264 | D:14     | Identified the +9 lajatang of the Wilderness {antimagic,
                  | +Blink +Rage Int+8 Dex-5}
  8264 | D:14     | Noticed an orc warlord
  8289 | D:14     | Found a transporter.
  8294 | D:14     | Identified the +7 great mace of Foolhardiness {freeze,
                  | rF+++}
  8295 | D:14     | Found a bloodstained altar of Trog.
  8421 | D:14     | Noticed an ettin
  8456 | D:14     | Killed an ettin
  8463 | D:14     | Found a gate to the Vaults.
  8537 | D:15     | Entered Level 15 of the Dungeon
  8652 | D:15     | Noticed a dire elephant
  8668 | D:15     | Killed a dire elephant
  8681 | D:15     | Found a staircase to the Depths.
  9066 | D:15     | Noticed Nessos
  9073 | D:15     | Killed Nessos
  9324 | Lair:1   | Entered Level 1 of the Lair of Beasts
  9578 | Lair:2   | Noticed Sonja
  9581 | Lair:2   | Gained mutation: You resist negative energy. (rN+) [Deep
                  | Dwarf growth]
  9581 | Lair:2   | Reached XP level 14. HP: 135/135 MP: 15/15
  9583 | Lair:2   | Noticed Sonja
  9583 | Lair:2   | Sonja changed into Sonja the shapeshifter
  9584 | Lair:2   | Noticed Sonja
  9584 | Lair:2   | Sonja the shapeshifter changed into Sonja the fire crab
  9594 | Lair:2   | Killed Sonja the fire crab
  9671 | Lair:2   | Reached skill level 14 in Invocations
  9678 | Lair:2   | Reached skill level 10 in Armour
  9811 | Lair:2   | Found a hole to the Spider Nest.
 10116 | Lair:2   | Reached skill level 10 in Shields
 11071 | Lair:3   | Found a staircase to the Shoals.
 11409 | Lair:4   | Noticed Urug
 11431 | Lair:4   | Killed Urug
 12148 | Spider:1 | Entered Level 1 of the Spider Nest
 12175 | Spider:1 | Noticed an entropy weaver
 12186 | Spider:1 | Reached skill level 10 in Dodging
 12198 | Spider:1 | Killed an entropy weaver
 12198 | Spider:1 | Reached skill level 15 in Invocations
 12272 | Spider:1 | Identified the +3 scale mail "Dahezyel" {Str+8} (You found
                  | it on level 1 of the Spider Nest)
 12788 | Spider:2 | Noticed Agnes
 12803 | Spider:2 | Killed Agnes
 12837 | Spider:3 | Noticed Arachne
 12837 | Spider:3 | Noticed an entropy weaver
 12841 | Spider:3 | Reached XP level 15. HP: 127/144 MP: 15/15
 12847 | Spider:3 | Killed Arachne
 12958 | Spider:4 | Entered Level 4 of the Spider Nest
 13233 | Spider:4 | Reached skill level 16 in Invocations
 13272 | Spider:4 | Killed a ghost moth
 13328 | Spider:4 | Killed a ghost moth
 13359 | Spider:4 | Killed a ghost moth
 13384 | Spider:4 | Killed a ghost moth
 13413 | Spider:4 | Got a gossamer rune of Zot
 13496 | Spider:4 | Reached XP level 16. HP: 154/154 MP: 15/15
 13666 | Shoals:1 | Entered Level 1 of the Shoals
 13693 | Shoals:2 | Noticed Jorgrun
 13702 | Shoals:2 | Reached skill level 15 in Axes
 13704 | Shoals:2 | Killed Jorgrun
 13728 | Shoals:4 | Entered Level 4 of the Shoals
 13767 | Shoals:4 | Noticed Donald
 13775 | Shoals:4 | Killed Donald
 13828 | Shoals:4 | Identified the +8 war axe of the Big Fish {pain, MR+}
 13981 | Shoals:4 | Reached skill level 17 in Invocations
 14065 | Shoals:4 | Got a barnacled rune of Zot
 14370 | Vaults:1 | Entered Level 1 of the Vaults
 14400 | Vaults:1 | Noticed Nikola
 14427 | Vaults:1 | Killed Nikola
 14922 | Vaults:1 | Cast into level 2 of the Abyss (a deep elf demonologist)
 15161 | Abyss:3  | Found a corrupted altar of Lugonu.
 15383 | Abyss:3  | Reached XP level 17. HP: 164/164 MP: 15/15
 15617 | Abyss:3  | Noticed a bone dragon
 15629 | Abyss:3  | Killed a bone dragon
 15696 | Abyss:3  | Reached skill level 18 in Invocations
 15719 | Abyss:3  | Paralysed by accursed screaming for 1 turns
 15722 | Abyss:3  | Paralysed by accursed screaming for 1 turns
 15828 | Abyss:4  | Found a transporter.
 15881 | Abyss:4  | Noticed a Hell Sentinel
 15896 | Abyss:4  | Killed a Hell Sentinel
 15899 | Abyss:4  | Found a transporter.
 15908 | Abyss:4  | Found a transporter.
 15909 | Abyss:4  | Got an abyssal rune of Zot
 15918 | Abyss:5  | Entered Level 5 of the Abyss
 15939 | Abyss:5  | Noticed a tentacled monstrosity
 15944 | Abyss:5  | Killed a tentacled monstrosity
 15992 | Abyss:5  | Gained mutation: Your body sometimes deteriorates upon
                  | taking damage. [a cacodemon]
 16022 | Vaults:1 | Escaped the Abyss
 16190 | Depths:1 | Entered Level 1 of the Depths
 16324 | Depths:2 | Gained mutation: You passively map a large area around you.
                  | [Deep Dwarf growth]
 16324 | Depths:2 | Reached XP level 18. HP: 136/176 MP: 8/8
 16483 | Depths:4 | Noticed a tentacled monstrosity
 16484 | Depths:4 | Lost mutation: Your body sometimes deteriorates upon taking
                  | damage. [potion of mutation]
 16484 | Depths:4 | Lost mutation: You have a pair of small horns on your head.
                  | [potion of mutation]
 16484 | Depths:4 | Lost mutation: You are agile. (Dex +2) [potion of mutation]
 16484 | Depths:4 | Gained mutation: Your mind is acute. (Int +2) [potion of
                  | mutation]
 16484 | Depths:4 | Gained mutation: You have very sharp teeth. [potion of
                  | mutation]
 16484 | Depths:4 | Gained mutation: Your spells are a little harder to cast,
                  | but a little more powerful. [potion of mutation]
 16494 | Depths:4 | Killed a tentacled monstrosity
 16547 | Depths:4 | HP: 6/176 [fire dragon/blast of flame (29)]
 16561 | Depths:4 | HP: 8/176 [deep troll earth mage (24)]
 16561 | Depths:4 | Slain by a deep troll earth mage

Levels and vault maps discovered:
D:1:      dpeg_arrival_central, layout_basic, minmay_misc_feat_more_columns,
          minmay_misc_feat_chi, feat_on_display
D:2:      layout_loops_corners
D:3:      layout_rooms, overflow_temple_1_default, old_standard_altar,
          uniq_robin, uniq_sigmund, uniq_crazy_yiuf_cottage
D:4:      layout_loops_ring, dancing_weapons_uskayaw,
          nicolae_overflow_hidden_temple, minmay_temple_entry_proselytizer,
          gammafunk_ghost_necromancy, corner_web_ring, serial_bayou_ford_a,
          kennysheep_generic_room_10
D:5:      layout_basic, nicolae_ru_awakened_eye, kiku_gazebo_garden_becter,
          first_ration, fedhas_altar_3
D:6:      minmay_chambers_of_sixes, layout_gridville, overflow_temple_1_default,
          zin_academy, portal_sewer_entry_a, cheibrodos_ashenzari_chains,
          uniq_menkaure, uniq_blork_the_orc, uniq_edmund
D:7:      layout_cave_pools, kennysheep_mini_moat, serial_park, serial_shops,
          shop_fountains, uniq_maggie
D:8:      layout_loops_ring, lemuel_doored_altar, david_lair_generic,
          uniq_prince_ribbit1, uniq_psyche, uniq_harold
D:9:      layout_irregular_city, lemuel_crystal_altar,
          yredelemnul_altar_generic, uniq_gastronok, uniq_joseph
D:10:     layout_cave_pods, zombieorc1_lemuel
D:11:     layout_loops_ring, basic_altar, gammafunk_ghost_spectres
D:12:     lemuel_insect_pit, layout_grid_maze, serial_shops, nicolae_shop_trees,
          uniq_rupert
D:13:     layout_rooms
D:14:     layout_rooms, david_vaults_4, gammafunk_ghost_wrathful_warriors
D:15:     hangedman_depths_entry_try_elsewhere_first, layout_gridville,
          uniq_nessos
Temple:   eino_wide_crystal_templ
Lair:1:   layout_gridlike, grunt_megastairs_5, uniq_fannar
Lair:2:   layout_cave_pods, spider_nest_entry_web_field,
          infiniplex_staircase_pool, grunt_megastairs_1, uniq_sonja
Lair:3:   layout_long_grid, elwin_shoals_entry_rooms, minmay_lair_oklob_chamber
Lair:4:   layout_regular_city, minivault_26, lemuel_fruit_tree, uniq_urug
Shoals:1: gammafunk_its_a_trap, layout_shoals, serial_shops, shop_statue,
          nicolae_shoals_so_close
Shoals:2: layout_shoals, uniq_jorgrun
Shoals:3: layout_shoals, uniq_ilsuiw, uniq_polyphemus
Shoals:4: shoals_end_grunt_garden, layout_shoals, uniq_donald
Spider:1: nicolae_spider_mines_3
Spider:2: spiders_nest_scorpion_pit, nicolae_orb_island, uniq_agnes
Spider:3: layout_spider_delve, guppyfry_spider_mini_3, uniq_arachne
Spider:4: spider_rune_water, hangedman_spider_tarantella_strand
Vaults:1: v_pattern_1, v_misc_11, vaults_dpeg_hooks, vaults_room_hallway,
          nicolae_vaults_little_squares_3, vaults_mumra_lcd,
          ontoclasm_vaults_loading_screen, nicolae_vaults_yaktaur_gun_rack,
          nicolae_vaults_little_squares_1, vaults_room_stairs_pillars,
          vaults_mumra_minichess_inversion, layout_vaults_omnigrid, uniq_nikola
Depths:1: layout_basic, serial_rivers, chequers_serial_rivers_room_a,
          chequers_serial_rivers_small_b, chequers_serial_rivers_small_3,
          chequers_serial_rivers_micro_a, chequers_serial_rivers_small_b,
          chequers_serial_rivers_marsh, hell_entry, onia_ninara_cookie,
          serial_bayou_shore_a
Depths:2: hangedman_cross_cluster, layout_long_grid, grunt_mini_vestibule,
          grunt_decor_fettered, pan_entry, evilmike_ambush
          [evilmike_ambush_outer_basic, evilmike_ambush_inner_wall_1]
Depths:3: radiant_caverns_b_rkd, pan_entry, hell_entry, uniq_enchantress,
          uniq_frederick
Depths:4: minmay_crescents, layout_cave_pools, basic_altar, hell_entry,
          abyss_entry, kennysheep_doodads

Skill      XL: |  1  2  3  4  5  6  7  8  9 10 11 12 13 14 15 16 17 |
---------------+----------------------------------------------------+-----
Fighting       | 3 4 5 6 7 8 10 11 12 13 14 | 14.6
Axes           | 3 4 5 6 8 9 10 11 12 13 14 15 16 | 16.9
Armour         | 4 5 6 7 8 9 10 11 12 | 12.9
Dodging        | 1 2 3 4 5 6 7 8 9 10 11 12 | 12.5
Shields        | 4 5 6 7 8 9 10 11 12 | 12.8
Invocations    | 1 3 5 7 9 11 12 13 15 16 17 18 | 18.9

Action                   |  1- 3 |  4- 6 |  7- 9 | 10-12 | 13-15 | 16-18 || total
-------------------------+-------+-------+-------+-------+-------+-------++-------
Melee: War axe           |    37 |   120 |   377 |   750 |   598 |       ||  1882
       Headbutt          |       |       |    66 |   196 |   274 |   203 ||   739
       Broad axe         |       |       |       |       |   389 |   845 ||  1234
       Bite              |       |       |       |       |       |     4 ||     4
Invok: Lesser Servant of |       |       |       |     1 |     5 |       ||     6
       Greater Servant o |       |       |       |       |     6 |     4 ||    10
 Abil: Heal Wounds       |     1 |     1 |    12 |     9 |    16 |    58 ||    97
Evoke: Wand              |       |       |       |       |     2 |     4 ||     6
  Use: Potion            |     1 |       |     1 |       |     6 |     4 ||    12
       Scroll            |       |       |     9 |     8 |    13 |     3 ||    33
 Stab: Distracted        |       |       |       |       |     3 |       ||     3
       Invisible         |       |       |       |       |     2 |     4 ||     6
       Confused          |       |       |       |       |     2 |       ||     2
       Paralysed         |       |       |       |       |       |     2 ||     2
  Eat: Chunk             |       |     1 |     8 |    18 |    19 |     2 ||    48
       Ration            |       |       |       |     2 |     3 |     3 ||     8
Armor: Scale mail        |    12 |    61 |    55 |   199 |   175 |       ||   502
       Chain mail        |       |       |   145 |       |   203 |   304 ||   652
Dodge: Dodged            |     9 |    49 |   119 |   199 |   555 |   376 ||  1307
Block: Kite shield       |    12 |    80 |   158 |       |       |       ||   250
       Tower shield      |       |       |   110 |   602 |  1240 |   777 ||  2729
       Reflection        |       |       |       |     3 |    20 |       ||    23

Table legend:
 A = Non-vault XP
 B = Vault XP
 C = Vault XP percentage of total XP
 D = Non-vault monster count
 E = Vault monster count
 F = Vault count percentage of total count
                 A         B        C        D         E       F
            +---------+---------+-------+---------+---------+-------
      Total |  214621 |   91323 |  29.8 |     721 |     184 |  20.3
            +---------+---------+-------+---------+---------+-------
        D:1 |       2 |       0 |   0.0 |       1 |       0 |   0.0
        D:2 |       4 |       0 |   0.0 |       1 |       0 |   0.0
        D:3 |      22 |     260 |  92.2 |       6 |      14 |  70.0
        D:4 |     284 |      41 |  12.6 |      20 |       1 |   4.8
        D:5 |    1004 |       0 |   0.0 |      23 |       0 |   0.0
        D:6 |    1085 |    1267 |  53.9 |      30 |      12 |  28.6
        D:7 |    1403 |     389 |  21.7 |      25 |       1 |   3.8
        D:8 |     484 |    2490 |  83.7 |      21 |       7 |  25.0
        D:9 |    1696 |    2460 |  59.2 |       8 |       2 |  20.0
       D:10 |    2668 |     620 |  18.9 |      15 |      28 |  65.1
       D:11 |    5159 |       0 |   0.0 |      35 |       0 |   0.0
       D:12 |    5330 |    2775 |  34.2 |      26 |       1 |   3.7
       D:13 |    3811 |       0 |   0.0 |      31 |       0 |   0.0
       D:14 |   15158 |    2696 |  15.1 |      60 |       3 |   4.8
       D:15 |    6908 |    3391 |  32.9 |      30 |       4 |  11.8
     Lair:1 |     109 |    1338 |  92.5 |       1 |       5 |  83.3
     Lair:2 |    4237 |    1462 |  25.7 |      22 |       4 |  15.4
     Lair:3 |    6200 |    1830 |  22.8 |      21 |       5 |  19.2
     Lair:4 |    8603 |     847 |   9.0 |      30 |       1 |   3.2
   Shoals:1 |     502 |       0 |   0.0 |       1 |       0 |   0.0
   Shoals:2 |     219 |    2858 |  92.9 |       1 |       1 |  50.0
   Shoals:3 |    1493 |       0 |   0.0 |       3 |       0 |   0.0
   Shoals:4 |    6260 |   14498 |  69.8 |      16 |      18 |  52.9
   Spider:1 |   13520 |       0 |   0.0 |      41 |       0 |   0.0
   Spider:2 |    1218 |    2120 |  63.5 |       4 |       1 |  20.0
   Spider:3 |   11265 |    3185 |  22.0 |      32 |       2 |   5.9
   Spider:4 |   16761 |   22443 |  57.2 |      45 |      44 |  49.4
   Vaults:1 |   21472 |    5128 |  19.3 |      34 |       5 |  12.8
   Depths:1 |    1614 |       0 |   0.0 |       3 |       0 |   0.0
   Depths:2 |   16311 |     954 |   5.5 |      21 |       1 |   4.5
   Depths:4 |   10957 |    1632 |  13.0 |       8 |       1 |  11.1
    Abyss:2 |    9787 |       0 |   0.0 |      17 |       0 |   0.0
    Abyss:3 |   32361 |       0 |   0.0 |      74 |       0 |   0.0
    Abyss:4 |     524 |   13407 |  96.2 |       1 |      11 |  91.7
    Abyss:5 |    6190 |    3104 |  33.4 |      14 |       1 |   6.7
      Sewer |       0 |     128 | 100.0 |       0 |      11 | 100.0
            +---------+---------+-------+---------+---------+-------
